AoeStats
← SeemsFishy

African Clearing

506458373Analyzed
4v4 RM · 19d ago on Sep 13, 2026· 30m 24s· 8 players
Game mode
Random Map
Map size
Large (8 player)
Population
200
Speed
Normal
Resources
Standard
Victory
Conquest
Starting age
Dark Age
Ending age
Imperial Age
RankedLock teamsTeams togetherTeam positionsShared explorationLock speedFull tech treeHidden civsTurbo modeCheats
Victory
Defeat
🇧🇷 Khmer · Brazil
1628
+10
🇮🇳 Britons · India
1411
+18
🇬🇧 Malians · United Kingdom
1383
+20
🇭🇺 Huns · Hungary
1364
+20
🇦🇷 Ethiopians · Argentina
1518
-19
🇧🇷 Malay · Brazil
1493
-18
🇧🇷 Hindustanis · Brazil
1463
-17
🇧🇷 Turks · Brazil
1395
-14
SSX_Flexa
10:18 Loom
12:19 Feudal Age
11:53 Loom
19:11 Castle Age
18:30 Fletching
22:19 Bodkin Arrow
23:25 Crossbowman
24:53 Ballistics
25:58 Padded Archer Armor
VkA | paulovmcm
9:32 Loom
12:51 Feudal Age
13:31 Double-Bit Axe
13:27 Horse Collar
16:18 Forging
18:17 Bloodlines
18:15 Scale Barding Armor
27:23 Castle Age
25:37 Gold Mining
26:54 Wheelbarrow
28:27 Chain Barding Armor
28:09 Husbandry
Hakka1_90
12:07 Feudal Age
11:11 Loom
13:16 Double-Bit Axe
15:04 Forging
20:47 Bloodlines
Didi
3:35 Loom
13:39 Feudal Age
17:20 Castle Age
15:33 Double-Bit Axe
17:12 Fletching
22:31 Bodkin Arrow
SeemsFishy
11:07 Loom
14:14 Feudal Age
17:57 Castle Age
16:51 Double-Bit Axe
18:23 Scale Barding Armor
19:43 Bow Saw
20:19 Chain Barding Armor
violachaos
9:09 Loom
11:38 Feudal Age
13:11 Double-Bit Axe
15:37 Forging
19:36 Scale Barding Armor
19:28 Gold Mining
21:18 Bloodlines
22:27 Wheelbarrow
24:41 Castle Age
24:09 Fletching
24:20 Padded Archer Armor
25:19 Horse Collar
26:21 Heavy Plow
26:18 Bodkin Arrow
26:27 Husbandry
27:24 Bow Saw
30:50 Leather Archer Armor
Floripa
8:06 Loom
11:30 Feudal Age
12:17 Double-Bit Axe
12:43 Town Watch
15:02 Forging
15:31 Scale Barding Armor
15:56 Bloodlines
16:49 Horse Collar
25:08 Castle Age
Justin Credible
4:07 Loom
13:32 Feudal Age
17:33 Castle Age
15:45 Double-Bit Axe
16:19 Horse Collar
26:19 Fletching
Connection lost

Rejoining the realm…

Still unreachable

The connection could not be restored.

Session expired

The server has moved on; the page needs a fresh start.